 Dungeon Crawl Stone Soup version 0.30-a0-691-g754fce4c43 (webtiles) character file.

Game seed: 3513131339806935343

23 wormed the Caller (level 2, 0/19 HPs)
             Began as a Demonspawn Summoner on Jan 20, 2023.
             Succumbed to an adder's poison
             ... on level 2 of the Dungeon.
             The game lasted 00:02:11 (1058 turns).

wormed the Caller (Demonspawn Summoner)             Turns: 1058, Time: 00:02:11

Health: 0/19       AC:  4    Str:  8    XL:     2   Next: 75%
Magic:  3/5        EV: 12    Int: 16    God:
Gold:   25         SH:  0    Dex: 13    Spells: 4/5 levels left

rFire   . . .      SeeInvis .    (no weapon)
rCold   . . .      Faith    .    (no shield)
rNeg    . . .      Spirit   .    a - +0 robe
rPois   .          Reflect  .    (no helmet)
rElec   .          Harm     .    (no cloak)
rCorr   .          Rampage  .    (no gloves)
Will    +....                    (no boots)
Stlth   ++                       (no amulet)
HPRegen 0.23/turn                f - ring of willpower
MPRegen 0.09/turn                (no ring)

@: lethally poisoned (0 -> -2)
A: slimy green scales 1
a: no special abilities


You were on level 2 of the Dungeon.
You visited 1 branch of the dungeon, and saw 2 of its levels.

You collected 25 gold pieces.

Inventory:

Armour
 a - a +0 robe (worn)
Jewellery
 f - a ring of willpower (left hand)
Scrolls
 c - 2 scrolls of teleportation {unknown}
 g - a scroll of identify {unknown}
Potions
 b - a potion of magic
 d - 2 potions of cancellation
 e - a potion of brilliance {unknown}
 h - a potion of resistance {unknown}
 i - a potion of flight {unknown}


   Skills:
 - Level 1.7 Dodging
 - Level 1.7 Stealth
 + Level 2.3 Spellcasting
 + Level 1.2 Hexes
 + Level 4.3 Summonings


You had 4 spell levels left.
You knew the following spells:

 Your Spells              Type           Power      Damage    Failure   Level
a - Summon Small Mammal   Summ           60%        N/A       3%          1

Your spell library contained the following spells:

 Spells                   Type           Power      Damage    Failure   Level
 Call Imp                 Summ           15%        N/A       4%          2
 Call Canine Familiar     Summ           15%        N/A       10%         3
 Summon Guardian Golem    Hex/Summ       10%        N/A       19%         3
 Beastly Appendage        Tmut           2%         N/A       21%         1
 Wereblood                Tmut           1%         N/A       30%         2
 Spider Form              Tmut/Pois      1%         N/A       52%         3
 Summon Lightning Spire   Summ/Air       8%         N/A       63%         4
 Iskenderun's Battlesphe  Conj           1%         2d6       99%         5
 Iron Shot                Conj/Erth      0%         9d1       100%        6
 Spellforged Servitor     Conj/Summ      4%         N/A       100%        7


Dungeon Overview and Level Annotations

Branches:
Dungeon (2/15)

Altars:


Innate Abilities, Weirdness & Mutations

You are partially covered in slimy green scales. (AC +2)


Message History

The adder is heavily wounded.
The adder barely misses you. The kobold barely misses you.
The adder bites you but does no damage.
Your rat misses the kobold.
Your rat bites the kobold.
You closely miss the adder.
The adder is heavily wounded.
The kobold hits you with a +0 short sword.
* * * LOW HITPOINT WARNING * * *
The adder bites you but does no damage.
Your rat completely misses the kobold.
Your rat bites the kobold.
The kobold dies!
The adder attacks as you move away! The adder misses you.
Your rat barely misses the adder.
Things that are here:
a +0 short sword; a kobold corpse The adder attacks as you move away!
The adder bites you but does no damage. The adder barely misses your rat.
The adder bites your rat.
Your rat dies!
Your rat's corpse disappears in a puff of smoke!
Your rat closely misses the adder.
Casting: Summon Small Mammal (safe; 3% risk of failure)
Confirm with . or Enter, or press ? or * to list all spells.
The adder attacks as you move away! The adder bites you.
* * * LOW HITPOINT WARNING * * *
You are lethally poisoned!
The adder poisons you!
Found 3 gold pieces.
* * * LOW HITPOINT WARNING * * *
You feel sick.
Your bat hits the adder but does no damage.
Your bat closely misses the adder.
You hit the adder but do no damage.
The adder is heavily wounded.
* * * LOW HITPOINT WARNING * * *
You feel sick.
Your bat hits the adder.
The adder bites your bat but does no damage.
Your bat hits the adder but does no damage.
Your rat bites the adder.
Your bat closely misses the adder.
The adder closely misses your bat.
It was a potion of cancellation.
You feel magically purged.
You die...

#. #$.. ##.##..##
#.......# #.......##
##........ #........#
....... #........##
....... .......@S.##
....... ########br.#
....... #.).###....... #.
#....~♣....... #.#
#...~P~....... ..
####P~~##### # #.##
#######~~~.######## #
#^.#####.......~..........
#
#.#..............########


You could see an adder (distracted, ally target), a friendly bat (summoned) and
a friendly rat (summoned).

Vanquished Creatures
  A jackal (D:1)
  A frilled lizard (D:1)
  A rat (D:1)
3 creatures vanquished.

Vanquished Creatures (collateral kills)
  4 ball pythons
  A bat (D:1)
  3 endoplasms
  A hobgoblin (D:1)
  2 jackals (D:1)
  2 quokkas (D:1)
  2 frilled lizards (D:1)
  A goblin (D:1)
  2 kobolds
  A rat (D:1)
19 creatures vanquished.

Vanquished Creatures (others)
  2 plants (D:2)
2 creatures vanquished.

Grand Total: 24 creatures vanquished

Notes
Turn   | Place    | Note
-------+----------+-------------------------------------------
     0 | D:1      | wormed the Demonspawn Summoner began the quest for the Orb.
     0 | D:1      | Reached XP level 1. HP: 13/13 MP: 3/3
   287 | D:1      | Gained mutation: You are partially covered in slimy green
                  | scales. (AC +2) [demonic ancestry]
   287 | D:1      | Reached XP level 2. HP: 19/19 MP: 1/5
   582 | D:1      | Reached skill level 1 in Hexes
  1058 | D:2      | Succumbed to an adder's poison

Illustrated notes

Levels and vault maps discovered:
D:1:      minmay_arrival_stair_chambers, layout_basic
D:2:      layout_rooms, minivault_26, serial_bayou_pond_e, uniq_natasha

Skill      XL: |  1  2 |
---------------+-------+-----
Hexes          | 1 |  1.2
Dodging        | |  1.7
Stealth        | |  1.7
Spellcasting   | |  2.3
Summonings     | |  4.3

Action                   || total
-------------------------++-------
Melee: Unarmed           ||    40
 Cast: Summon Small Mamm ||    32
  Use: Potion            ||     1
 Stab: Distracted        ||     1
Armor: Robe              ||    17
Dodge: Dodged            ||    39

Table legend: (Time is in decaauts)
 A = Elapsed time spent in this place.
 B = Non-inter-level travel time spent in this place.
 C = Inter-level travel time spent in this place.
 D = Time resting spent in this place.
 E = Time spent auto-exploring this place.
 F = Levels seen in this place.
 G = Mean time per level.
                   A        B        C        D        E       F      G
               +--------+--------+--------+--------+--------+-----+--------+
         Total |   1059 |   1047 |     12 |      0 |    813 |   2 |  529.5 |
       Dungeon |   1059 |   1047 |     12 |      0 |    813 |   2 |  529.5 |
               +--------+--------+--------+--------+--------+-----+--------+

Top non-repeatable levels by time:
     D:1: 935 daAuts
     D:2: 123 daAuts
